 Dungeon Crawl Stone Soup version 0.30-a0-718-geaa24f58ff (webtiles) character file.

Game seed: 6644802637636995107

1395 Darius099 the Grappler (level 8, -6/74 HPs)
             Began as a Troll Monk on Jan 25, 2023.
             Mangled by a two-headed ogre
             ... wielding a +0 giant club
              (19 damage)
             ... on level 6 of the Dungeon.
             The game lasted 00:10:52 (3423 turns).

Darius099 the Grappler (Troll Monk)                 Turns: 3423, Time: 00:10:53

Health: -6/74      AC:  4    Str: 20    XL:     8   Next: 41%
Magic:  7/7        EV: 11    Int:  6    God:
Gold:   346        SH:  0    Dex: 20    Spells: 7/7 levels left

rFire   + . .      SeeInvis .      - Unarmed
rCold   + . .      Faith    .    (no shield)
rNeg    . . .      Spirit   .    a - +0 robe
rPois   .          Reflect  .    (helmet restricted)
rElec   .          Harm     .    (no cloak)
rCorr   .          Rampage  .    (gloves unavailable)
Will    .....                    (boots unavailable)
Stlth   ++                       w - amulet "Full" {RegenMP Drain Fly rF+}
HPRegen 1.12/turn                c - ring of protection from cold
MPRegen 0.50/turn                u - +6 ring of dexterity

@: flying
A: large, unfitting armour, claws 3, regeneration 1, shaggy fur 1, tough skin 1
a: no special abilities


You were on level 6 of the Dungeon.
You visited 2 branches of the dungeon, and saw 7 of its levels.

You collected 346 gold pieces.

Inventory:

Armour
 a - a +0 robe (worn)
 q - +0 steam dragon scales
Jewellery
 c - a ring of protection from cold (left claw)
 d - a ring of protection from fire
 n - a ring of resist corrosion
 u - a +6 ring of dexterity (right claw)
 w - the amulet "Full" (around neck) {RegenMP Drain Fly rF+}
   (You found it on level 5 of the Dungeon)

   [amulet of magic regeneration]

   It increases your rate of magic regeneration.
   rF:        It protects you from fire.
   Fly:       It grants you flight.
   Drain:     It drains your maximum health when unequipped.
Wands
 z - a wand of iceblast (6)
 A - a wand of paralysis (10)
Scrolls
 e - 3 scrolls of teleportation
 h - 2 scrolls of amnesia {unknown}
 i - 2 scrolls of torment {unknown}
 j - 2 scrolls of enchant armour {unknown}
 k - 2 scrolls of fog {unknown}
 l - a scroll of noise {unknown}
 m - 3 scrolls of fear
 o - a scroll of summoning {unknown}
 t - a scroll of silence {unknown}
 x - 2 scrolls of enchant weapon {unknown}
 y - a scroll of brand weapon {unknown}
 C - a scroll of vulnerability {unknown}
 D - 3 scrolls of poison {unknown}
Potions
 b - a potion of ambrosia
 g - 6 potions of curing
 p - 3 potions of flight
 r - a potion of haste {unknown}
 s - a potion of brilliance {unknown}
 v - a potion of resistance
 B - a potion of degeneration {unknown}
 E - 2 potions of attraction
 F - a potion of mutation {unknown}


   Skills:
 - Level 2.4 Fighting
 - Level 2.4 Dodging
 - Level 1.0 Stealth
 + Level 10.8 Unarmed Combat


You had 7 spell levels left.
You didn't know any spells.
Your spell library contained the following spells:

 Spells                   Type           Power      Damage    Failure   Level
 Ensorcelled Hibernation  Hex/Ice        0%         N/A       58%         2
 Passwall                 Tmut/Erth      0%         N/A       58%         2
 Swiftness                Air            0%         N/A       83%         3
 Animate Armour           Summ/Erth      0%         N/A       99%         4
 Blade Hands              Tmut           0%         N/A       100%        5
 Iron Shot                Conj/Erth      0%         9d1       100%        6


Dungeon Overview and Level Annotations

Branches:
Dungeon (6/15)             Temple (1/1) D:5

Altars:
Dithmenos
Elyvilon
Fedhas
Gozag
Hepliaklqana
Makhleb
Nemelex Xobeh
Qazlal
Ru
Trog
Vehumet
Wu Jian
Xom
Yredelemnul
Zin
The Shining One

Shops:
D:2 =   D:3 (


Innate Abilities, Weirdness & Mutations

You are too large for most types of armour.
You have claws for hands.
Your natural rate of healing is unusually fast.
You are covered in fur. (AC +1)
You have tough skin. (AC +1)


Message History

Found a pink potion.
E - 2 inky potions
F - a pink potion
As you read the scroll of identify, it crumbles to dust.
E - 2 potions of attraction You reach down and open the door.
There is an open door here.
f - a scroll of identify
As you read the scroll of identify, it crumbles to dust.
v - a potion of resistance You reach down and open the door.
There is an open door here.
You reach down and open the door.
You hear the brisk hiss of an avalanche of sand very nearby.
The two-headed ogre shouts in stereo!
You claw the two-headed ogre!
The two-headed ogre is lightly wounded.
The two-headed ogre barely misses you.
The two-headed ogre hits you with a +0 giant club!
You scratch the two-headed ogre.
The two-headed ogre is lightly wounded.
You barely miss the two-headed ogre.
The two-headed ogre is lightly wounded.
The two-headed ogre hits you with a +0 giant club.
The two-headed ogre hits you with a +0 giant club!!
You barely miss the two-headed ogre. You claw the two-headed ogre!
The two-headed ogre is moderately wounded.
You mangle the two-headed ogre!!
The two-headed ogre is severely wounded.
The two-headed ogre barely misses you.
The two-headed ogre hits you with a +0 giant club!!
* * * LOW HITPOINT WARNING * * *
You barely miss the two-headed ogre. You claw the two-headed ogre!
The two-headed ogre is severely wounded.
You barely miss the two-headed ogre.
The two-headed ogre is severely wounded.
The two-headed ogre hits you with a +0 giant club!
* * * LOW HITPOINT WARNING * * *
The two-headed ogre hits you with a +0 giant club!!
You die...

#.#
#..............
#.#
#..#.######.
#.# #..#.# #.#
#..#.#
####.###..#.#
#...........#
#.##.####...#
#...........
#.@O..#.####
####..#.# ..#.#
...# #.# ##


You could see a two-headed ogre.

Vanquished Creatures
  A steam dragon (D:4)
  An ice beast (D:6)
  4 ogres
  A centaur (D:6)
  A scorpion (D:5)
  A killer bee (D:6)
  A howler monkey (D:5)
  2 quasits (D:5)
  4 hounds
  3 iguanas
  Ijyb (D:5)
  An orc wizard (D:4)
  5 gnolls
  11 adders
  A shadow imp (D:5)
  3 white imps
  4 ufetubi
  A worm (D:2)
  2 dart slugs
  7 orcs
  5 bats (D:1)
  7 endoplasms
  9 giant cockroaches
  7 goblins
  11 hobgoblins
  7 jackals (D:1)
  7 kobolds
  8 quokkas
  5 ball pythons
  2 frilled lizards (D:2)
  5 rats
128 creatures vanquished.

Vanquished Creatures (others)
  7 demonic plants (D:5)
7 creatures vanquished.

Grand Total: 135 creatures vanquished

Notes
Turn   | Place    | Note
-------+----------+-------------------------------------------
     0 | D:1      | Darius099 the Troll Monk began the quest for the Orb.
     0 | D:1      | Reached XP level 1. HP: 22/22 MP: 0/0
    29 | D:1      | Reached XP level 2. HP: 29/29 MP: 1/1
    73 | D:1      | Reached skill level 4 in Unarmed Combat
    90 | D:1      | Reached XP level 3. HP: 36/36 MP: 2/2
   534 | D:2      | Found Dohit's Jewellery Shoppe.
   539 | D:2      | Reached skill level 5 in Unarmed Combat
   539 | D:2      | Reached XP level 4. HP: 43/44 MP: 3/3
   899 | D:2      | Found an opulent altar of Gozag.
  1017 | D:2      | Reached XP level 5. HP: 50/50 MP: 4/4
  1244 | D:3      | Found Ziyplioh's Weapon Shop.
  1316 | D:3      | You fall into a shaft and drop 2 floors!
  1316 | D:5      | Entered Level 5 of the Dungeon
  1348 | D:5      | Noticed an ogre
  1352 | D:5      | Killed an ogre
  1353 | D:5      | Reached skill level 6 in Unarmed Combat
  1362 | D:5      | Noticed an ogre
  1376 | D:5      | HP: 2/50 [ufetubus (3)]
  1389 | D:4      | Reached XP level 6. HP: 5/59 MP: 5/5
  1460 | D:4      | Reached skill level 7 in Unarmed Combat
  1531 | D:4      | Noticed a steam dragon
  1546 | D:4      | Killed a steam dragon
  1601 | D:4      | Reached skill level 8 in Unarmed Combat
  1678 | D:4      | Reached XP level 7. HP: 65/66 MP: 6/6
  1786 | D:4      | Found a hazy altar of Hepliaklqana.
  2202 | D:5      | Identified the amulet "Full" {RegenMP Drain Fly rF+}
  2439 | D:5      | Found a staircase to the Ecumenical Temple.
  2447 | D:5      | Reached skill level 9 in Unarmed Combat
  2473 | D:5      | Noticed Ijyb
  2480 | D:5      | Killed Ijyb
  2487 | Temple   | Entered the Ecumenical Temple
  3037 | D:6      | Reached XP level 8. HP: 62/74 MP: 7/7
  3111 | D:6      | Reached skill level 10 in Unarmed Combat
  3337 | D:6      | Noticed a two-headed ogre
  3423 | D:6      | Mangled by a two-headed ogre

Illustrated notes

Levels and vault maps discovered:
D:1:      dpeg_arrival_simpleton_a, layout_rooms, minmay_misc_feat_enclosed
D:2:      minmay_angry_zag, layout_loops_cross, basic_altar, serial_shops, shop,
          grunt_ministairs_14
D:3:      layout_basic, serial_shops, shop_fountains
D:4:      layout_rooms, lemuel_coloured_pillars_altar,
          minmay_goblin_kobold_house
D:5:      layout_basic, minmay_temple_entry_drinking_statues, serial_demonic,
          serial_demonic_b, serial_demonic_b, serial_demonic_g,
          serial_demonic_a, uniq_ijyb
D:6:      layout_basic, enter_ossuary_2, kennysheep_generic_room_10
Temple:   regret_index_temple_waves

Skill      XL: |  1  2  3  4  5  6  7  8 |
---------------+-------------------------+-----
Unarmed Combat | 4 5 6 8 9 10 | 10.8
Fighting       | |  2.4
Dodging        | |  2.4
Stealth        | |  1.0

Action                     |  1- 3 |  4- 6 |  7- 9 || total
---------------------------+-------+-------+-------++-------
  Melee: Unarmed           |    91 |   149 |   109 ||   349
         Punch             |     3 |     3 |    10 ||    16
    Use: Scroll            |       |       |     6 ||     6
   Stab: Sleeping          |     4 |     1 |       ||     5
 Armour: Robe              |    34 |    62 |    34 ||   130
  Dodge: Dodged            |    54 |    84 |    50 ||   188

Table legend: (Time is in decaauts)
 A = Elapsed time spent in this place.
 B = Non-inter-level travel time spent in this place.
 C = Inter-level travel time spent in this place.
 D = Time resting spent in this place.
 E = Time spent auto-exploring this place.
 F = Levels seen in this place.
 G = Mean time per level.
                   A        B        C        D        E       F      G
               +--------+--------+--------+--------+--------+-----+--------+
         Total |   3376 |   3226 |    150 |    172 |   1630 |   7 |  482.3 |
       Dungeon |   3233 |   3152 |     81 |    172 |   1572 |   6 |  538.8 |
        Temple |    142 |     73 |     69 |      0 |     58 |   1 |  142.0 |
               +--------+--------+--------+--------+--------+-----+--------+

Top non-repeatable levels by time:
     D:5: 852 daAuts
     D:2: 669 daAuts
     D:4: 603 daAuts
     D:6: 477 daAuts
     D:1: 434 daAuts
     D:3: 196 daAuts
  Temple: 142 daAuts
